 Dungeon Crawl Stone Soup version 0.21-b1-21-g86478ac (webtiles) character file.

157 Pedason the Cutter (level 5, 0/40 HPs)
             Began as a Gnoll Wanderer on Jan 4, 2018.
             Slain by a gnoll (2 damage)
             ... on level 3 of the Dungeon.
             The game lasted 00:03:17 (1643 turns).

Pedason the Cutter (Gnoll Wanderer)                 Turns: 1643, Time: 00:03:18

Health: 0/40       AC:  8    Str: 12    XL:     5   Next: 38%
Magic:  7/7        EV: 14    Int: 15    God:
Gold:   143        SH:  0    Dex: 17    Spells: 6/6 levels left

rFire    . . .     SeeInvis .   j - +2 dagger (vamp)
rCold    . . .     Gourm    .   (no shield)
rNeg     . . .     Faith    .   a - +2 leather armour
rPois    .         Spirit   .   (no helmet)
rElec    .         Reflect  .   t - +1 cloak
rCorr    .         Harm     .   p - +0 pair of gloves
MR       .....                  (no boots)
Stlth    ++........             (no amulet)
HPRegen  0.13/turn              (no ring)
MPRegen  0.10/turn              (no ring)

@: no status effects
A: distributed training, fangs 1, strong nose
a: no special abilities


You were on level 3 of the Dungeon.
You were hungry.

You visited 1 branch of the dungeon, and saw 3 of its levels.

You collected 143 gold pieces.

Inventory:

Hand Weapons
 b - a +0 short sword
 c - a +0 hand axe
 j - a +2 vampiric dagger (weapon)
 s - a +2 quarterstaff of chaos
Armour
 a - a +2 leather armour (worn)
 e - a +0 buckler
 p - a +0 pair of gloves (worn)
 t - a +1 cloak (worn)
Wands
 u - a wand of iceblast (4)
Scrolls
 g - a scroll of noise {unknown}
 l - 2 scrolls of identify {unknown}
 q - 2 scrolls of teleportation {unknown}
 r - 3 scrolls of remove curse {unknown}
 v - a scroll of immolation {unknown}
Potions
 f - a potion of lignification {unknown}
 h - 2 potions of heal wounds {unknown}
 i - a potion of resistance {unknown}
 k - a potion of agility {unknown}
 m - 2 potions of flight {unknown}
 n - a potion of brilliance {unknown}
 o - 2 potions of berserk rage {unknown}
Comestibles
 d - 5 rations


   Skills:
 + Level 2.9 Fighting
 + Level 6.7 Short Blades
 + Level 1.4 Long Blades
 + Level 4.7 Axes
 + Level 1.4 Maces & Flails
 + Level 1.4 Polearms
 + Level 1.4 Staves
 + Level 1.4 Slings
 + Level 1.4 Bows
 + Level 1.4 Crossbows
 + Level 4.7 Throwing
 + Level 1.4 Armour
 + Level 4.7 Dodging
 + Level 1.4 Stealth
 + Level 1.4 Shields
 + Level 1.4 Unarmed Combat
 + Level 1.4 Spellcasting
 + Level 1.1 Conjurations
 + Level 1.1 Hexes
 + Level 1.1 Charms
 + Level 1.1 Summonings
 + Level 1.1 Necromancy
 + Level 1.1 Translocations
 + Level 1.1 Transmutations
 + Level 1.1 Fire Magic
 + Level 1.1 Ice Magic
 + Level 1.1 Air Magic
 + Level 1.1 Earth Magic
 + Level 1.1 Poison Magic
 + Level 1.6 Invocations
 + Level 1.4 Evocations


You had 6 spell levels left.
You didn't know any spells.

Dungeon Overview and Level Annotations

Branches:
Dungeon (3/15)

Altars:
Ashenzari
Sif Muna
Uskayaw
Vehumet
Xom
Zin


Innate Abilities, Weirdness & Mutations

Your experience applies equally to all skills.
You have very sharp teeth.
Your uncanny sense of smell can sniff out nearby items.


Message History

The gnoll is severely wounded.
The gnoll hits you from afar with a halberd!
* * * LOW HITPOINT WARNING * * *
The gnoll hits you.
* * * LOW HITPOINT WARNING * * *
You hit the gnoll.
You feel better.
The gnoll is severely wounded.
The gnoll completely misses you.
You hit the gnoll but do no damage.
The gnoll is severely wounded.
The gnoll closely misses you.
You barely miss the gnoll.
The gnoll is severely wounded.
The gnoll misses you.
The gnoll hits you from afar with a halberd.
* * * LOW HITPOINT WARNING * * *
You hit the gnoll but do no damage. Your bite misses the gnoll.
The gnoll is severely wounded.
The gnoll hits you.
You die...

##.. # #.# #.# #.# #.#
#.# #.# #.# #<# #.#
#.# #.# #g# #.# #.#
#o# #.# #.# #g# ##.#
#.# #g# ##..# #.# #@#
#####...####.#
##############.#
#............#
#..............#
#.###...#####
#.############## #.#
##.## #.# #)# #.# #.#
#.# #.# #.# #.# ..#
###.################.#
##
.....................#


You could see 3 gnolls and an orc.

Vanquished Creatures
  Crazy Yiuf (D:2)
  Ijyb (D:3)
  4 adders (D:2)
  An ooze (D:1)
  2 worms (D:2)
  3 dart slugs
  2 leopard geckos
  9 bats
  A giant cockroach (D:3)
  4 goblins
  4 hobgoblins
  2 quokkas
  2 frilled lizards
  10 kobolds
  7 rats
53 creatures vanquished.

Notes
Turn   | Place    | Note
-------+----------+-------------------------------------------
     0 | D:1      | Pedason the Gnoll Wanderer began the quest for the Orb.
     0 | D:1      | Pedason set off with: a +2 leather armour, a +0 short sword, a +0 hand axe, a ration
     0 | D:1      | Reached XP level 1. HP: 17/17 MP: 1/1
    79 | D:1      | Reached XP level 2. HP: 23/23 MP: 2/2
   381 | D:1      | Reached XP level 3. HP: 25/28 MP: 3/3
   802 | D:2      | Reached skill level 1 in Invocations
   816 | D:2      | Found a hide-covered altar of Uskayaw.
   884 | D:2      | Reached skill level 1 in Long Blades
   884 | D:2      | Reached skill level 1 in Maces & Flails
   884 | D:2      | Reached skill level 1 in Polearms
   884 | D:2      | Reached skill level 1 in Staves
   884 | D:2      | Reached skill level 1 in Slings
   884 | D:2      | Reached skill level 1 in Bows
   884 | D:2      | Reached skill level 1 in Crossbows
   884 | D:2      | Reached skill level 1 in Armour
   884 | D:2      | Reached skill level 1 in Stealth
   884 | D:2      | Reached skill level 1 in Shields
   884 | D:2      | Reached skill level 1 in Unarmed Combat
   884 | D:2      | Reached skill level 1 in Spellcasting
   884 | D:2      | Reached skill level 1 in Evocations
   884 | D:2      | Reached XP level 4. HP: 34/34 MP: 5/5
   955 | D:2      | Found a shattered altar of Ashenzari.
  1050 | D:2      | Found a glowing silver altar of Zin.
  1224 | D:2      | Found a runed door.
  1228 | D:2      | Noticed Crazy Yiuf
  1232 | D:2      | Killed Crazy Yiuf
  1232 | D:2      | Reached skill level 1 in Conjurations
  1232 | D:2      | Reached skill level 1 in Hexes
  1232 | D:2      | Reached skill level 1 in Charms
  1232 | D:2      | Reached skill level 1 in Summonings
  1232 | D:2      | Reached skill level 1 in Necromancy
  1232 | D:2      | Reached skill level 1 in Translocations
  1232 | D:2      | Reached skill level 1 in Transmutations
  1232 | D:2      | Reached skill level 1 in Fire Magic
  1232 | D:2      | Reached skill level 1 in Ice Magic
  1232 | D:2      | Reached skill level 1 in Air Magic
  1232 | D:2      | Reached skill level 1 in Earth Magic
  1232 | D:2      | Reached skill level 1 in Poison Magic
  1232 | D:2      | Reached XP level 5. HP: 40/40 MP: 6/6
  1358 | D:3      | Noticed Ijyb
  1419 | D:3      | Killed Ijyb
  1539 | D:3      | Found a shimmering altar of Xom.
  1539 | D:3      | Found a radiant altar of Vehumet.
  1540 | D:3      | Found a deep blue altar of Sif Muna.
  1642 | D:3      | HP: 2/40 [gnoll/halberd (3)]
  1643 | D:3      | Slain by a gnoll

Skill      XL: |  1  2  3  4 |
---------------+-------------+-----
Invocations    | 1 |  1.6
Long Blades    | 1 |  1.4
Maces & Flails | 1 |  1.4
Polearms       | 1 |  1.4
Staves         | 1 |  1.4
Slings         | 1 |  1.4
Bows           | 1 |  1.4
Crossbows      | 1 |  1.4
Armour         | 1 |  1.4
Stealth        | 1 |  1.4
Shields        | 1 |  1.4
Unarmed Combat | 1 |  1.4
Spellcasting   | 1 |  1.4
Evocations     | 1 |  1.4
Conjurations   | 1 |  1.1
Hexes          | 1 |  1.1
Charms         | 1 |  1.1
Summonings     | 1 |  1.1
Necromancy     | 1 |  1.1
Translocations | 1 |  1.1
Transmutations | 1 |  1.1
Fire Magic     | 1 |  1.1
Ice Magic      | 1 |  1.1
Air Magic      | 1 |  1.1
Earth Magic    | 1 |  1.1
Poison Magic   | 1 |  1.1
Fighting       | |  2.9
Short Blades   | |  6.7
Axes           | |  4.7
Throwing       | |  4.7
Dodging        | |  4.7

Action                   |  1- 3 |  4- 6 || total
-------------------------+-------+-------++-------
Melee: Short sword       |    50 |       ||    50
       Bite              |    13 |    21 ||    34
       Dagger            |    57 |   147 ||   204
       Punch             |       |     2 ||     2
 Stab: Sleeping          |     2 |     3 ||     5
  Eat: Chunk             |     1 |     2 ||     3
       Ration            |     1 |       ||     1
Armor: Leather armour    |    24 |    31 ||    55
Dodge: Dodged            |    87 |    69 ||   156
